 Dungeon Crawl Stone Soup version 0.30.1-11-g7821555f0a (webtiles) character file.

Game seed: 6841891120552865517

2594 FakeRyeBread the Fighter (level 9, -5/72 HPs)
             Began as a Djinni Conjurer on Nov 18, 2023.
             Was an Initiate of Ashenzari.
             Slain by an orc warrior
             ... wielding a +0 war axe
              (14 damage)
             ... in a bailey.
             The game lasted 00:29:56 (7085 turns).

FakeRyeBread the Fighter (Djinni Conjurer)          Turns: 7085, Time: 00:29:57

Health: -5/72      AC:  7    Str:  6    XL:     9   Next: 89%
Gold:   422        EV: 11    Int: 25    God:    Ashenzari [......] SH:  3 Dex: 11

rFire   + + .        x - +1 dagger (drain)
rCold   x . .        f - +0 buckler
rNeg    . . .        a - +1 robe
rPois   ∞            s - +1 hat
rElec   .            (no cloak)
rCorr   .            o - +2 pair of gloves "Ensconced Seer" {Self, Melee} (curse)
SInv    .            (boots unavailable)
Will    .....        (no amulet)
Stlth   ++           (no ring)
HPRegen 0.32/turn    (no ring)
MPRegen 0.00/turn

%: infuse magic (-6 HP)
@: flying
A: sickness immunity, fire resistance 2, cold vulnerability 1, float, innate
caster, HP casting, extra vitality 1
a: Renounce Religion, Curse Item, Shatter the Chains


You were in a bailey.
You worshipped Ashenzari.
Ashenzari was noncommittal.
You visited 2 branches of the dungeon, and saw 8 of its levels.
You also visited: Bailey.

You collected 422 gold pieces.

Inventory:

Hand Weapons
 x - a +1 dagger of draining (weapon)
Missiles
 w - a throwing net
Armour
 a - a +1 robe (worn)
 f - a +0 buckler (worn)
 o - the cursed +2 pair of gloves "Ensconced Seer" (worn) {Self, Melee}
   (You found it on level 2 of the Dungeon)

   It has a curse which improves the following skills: Introspection: Fighting
   and Spellcasting.
   Melee Combat: Short Blades, Long Blades, Axes, Maces & Flails, Polearms,
   Staves and Unarmed Combat.
 s - a +1 hat (worn)
Wands
 m - a wand of iceblast (17)
 p - a wand of acid (5)
Scrolls
 e - a scroll of vulnerability
 r - 2 scrolls of teleportation
 u - a scroll of fear
Potions
 b - a potion of invisibility
 c - 3 potions of heal wounds
 d - a potion of curing
 g - a potion of haste
 h - a potion of resistance
 j - 3 potions of brilliance
 k - a potion of lignification
 l - 2 potions of mutation
 n - 3 potions of flight
 q - 2 potions of might
 t - a potion of cancellation
 v - a potion of ambrosia


   Skills:
 * Level 8.9(9.3) Fighting
 + Level 2.3 Dodging
 - Level 1.5 Stealth
 * Level 7.7(8.1) Spellcasting


You knew the following spells:

 Your Spells              Type           Power      Damage    Failure   Level
a - Magic Dart            Conj           100%       1d8       1%          1
b - Searing Ray           Conj           100%       2d8       1%          2
c - Dazzling Flash        Conj/Hex       100%       N/A       1%          3
d - Fulminant Prism       Conj/Hex       25%        3d14      3%          4
e - Iskenderun's Mystic   Conj/Tloc      50%        2d11      3%          4
f - Foxfire               Conj/Fire      100%       2x1d9     1%          1
g - Wereblood             Tmut           50%        N/A       1%          2
h - Ensorcelled Hibernat  Hex/Ice        100%       N/A       1%          2
i - Summon Ice Beast      Ice/Summ       50%        N/A       3%          4
Your spell library was empty.

Dungeon Overview and Level Annotations

Branches:
Dungeon (7/15)             Temple (1/1) D:4          Bailey (1/1)

Altars:
Ashenzari
Cheibriados
Makhleb
Nemelex Xobeh
Okawaru
Qazlal
Ru
Uskayaw
Wu Jian
Xom
Yredelemnul
Zin
The Shining One


Innate Abilities, Weirdness & Mutations

You are immune to sickness and miasma.
You are immune to poison.
Your flesh is very heat resistant. (rF++)
You are vulnerable to cold. (rC-)
You float through the air rather than walking.
You learn spells naturally, not from books.
Your magical power is your life essence.
You have superior vitality. (+4 MHP)


Message History

Press: ? - help, Q - select action, (/) - cycle Shift-Dir - straight line, f/p - orc warrior
Aim: an orc warrior, wielding a +0 battleaxe and wearing a +0 ring mail (severely wounded, 79% to hit)
The searing ray hits the orc warrior!
The orc warrior is almost dead.
The searing ray hits the orc warrior.
The orc warrior is severely wounded. (Press . to maintain the ray.)
The orc warrior hits you with a +0 war axe.
The searing ray hits the orc warrior.
The orc warrior is almost dead.
The orc warrior hits you with a +0 war axe.
The orc warrior misses you.
The searing ray hits the orc warrior!
You kill the orc warrior!
The orc warrior hits you but does no damage.
You finish channelling your searing ray.
You block the orc warrior's attack.
Aiming: Searing Ray (safe; 1% risk of failure)
Press: ? - help, Q - select action, (/) - cycle Shift-Dir - straight line, f - orc warrior
Aim: an orc warrior, wielding a +0 war axe and wearing a +0 chain mail (81% to hit)
The searing ray hits the orc warrior but does no damage.
The orc warrior is almost dead.
The searing ray hits the orc warrior.
The orc warrior is lightly wounded. (Press . to maintain the ray.)
The orc warrior barely misses you.
The searing ray hits the orc warrior!
The orc warrior is heavily wounded.
The orc warrior hits you with a +0 war axe. x2
The searing ray misses the orc warrior.
The orc warrior hits you with a +0 war axe!
* * * LOW HITPOINT WARNING * * *
The orc warrior closely misses you.
The orc warrior attacks as you move away!
The orc warrior closely misses you.
The orc warrior hits you with a +0 war axe!
* * * LOW HITPOINT WARNING * * *
The orc warrior attacks as you move away!
The orc warrior hits you with a +0 war axe!
You die...

.#############
.......).....####
#..oo.......##
##'#@........##
#..#....⌠.....#
#.(#'#.......## '.
##+####..#:#(....### #. o..
^o..###()..(.###### .#.
####'####..#.()..~≈≈≈≈≈≈≈#
≈####.......####(≈≈)≈≈≈≈≈≈≈#
≈≈≈∩#...!...#∩≈≈≈≈≈≈)....###
≈≈≈≈#########≈≈≈≈~).....##


You could see 2 orc warriors.

Vanquished Creatures
  A wyvern (D:7)
  Edmund (D:5)
  A water moccasin (D:6)
  5 orc warriors (Bailey)
  2 ice beasts
  A kobold brigand (D:6)
  4 bullfrogs
  4 scorpions
  5 killer bees (D:5)
  A howler monkey (D:4)
  4 hounds
  4 orc priests
  5 iguanas
  4 sleepcaps
  An orc wizard (D:6)
  A gnoll (Bailey)
  10 adders
  2 shadow imps
  An ufetubus (D:4)
  2 worms
  3 dart slugs
  13 orcs
  8 ball pythons
  5 bats
  6 endoplasms
  7 giant cockroaches
  8 goblins
  7 hobgoblins
  14 jackals
  8 quokkas
  4 frilled lizards
  23 kobolds
  2 rats (D:1)
  5 fulminant prisms
172 creatures vanquished.

Vanquished Creatures (others)
  15 fulminant prisms
15 creatures vanquished.

Grand Total: 187 creatures vanquished

Notes
Turn   | Place    | Note
-------+----------+-------------------------------------------
     0 | D:1      | FakeRyeBread the Djinni Conjurer began the quest for the
                  | Orb.
     0 | D:1      | FakeRyeBread set off with the following spells memorised:
                  | Magic Dart, Searing Ray, Dazzling Flash, Fulminant Prism,
                  | Iskenderun's Mystic Blast.
     0 | D:1      | Reached XP level 1. HP: 15/15 MP: 0/0
    52 | D:1      | Reached skill level 1 in Fighting
    52 | D:1      | Reached XP level 2. HP: 18/22 MP: 0/0
   499 | D:1      | Reached XP level 3. HP: 25/27 MP: 0/0
   499 | D:1      | Learned a level 1 spell: Foxfire
   964 | D:2      | Reached skill level 2 in Fighting
  1040 | D:2      | Reached XP level 4. HP: 12/33 MP: 0/0
  1687 | D:3      | Found a large runed translucent door.
  1688 | D:3      | Found a large runed translucent door.
  1918 | D:3      | Reached XP level 5. HP: 34/40 MP: 0/0
  1918 | D:3      | Learned a level 2 spell: Wereblood
  2278 | D:3      | Reached skill level 3 in Fighting
  2559 | D:3      | Found a sparkling altar of Nemelex Xobeh.
  2565 | D:3      | Found a stormy altar of Qazlal.
  2688 | D:4      | Found a staircase to the Ecumenical Temple.
  2700 | Temple   | Entered the Ecumenical Temple
  2714 | Temple   | Became a worshipper of Ashenzari the Shackled
  2932 | D:4      | Reached XP level 6. HP: 39/46 MP: 0/0
  3035 | D:4      | Reached skill level 4 in Fighting
  3417 | D:5      | Entered Level 5 of the Dungeon
  3665 | D:5      | Noticed Edmund
  3687 | D:5      | Killed Edmund
  3688 | D:5      | Reached skill level 5 in Spellcasting
  3688 | D:5      | Reached XP level 7. HP: 18/53 MP: 0/0
  3688 | D:5      | Learned a level 2 spell: Ensorcelled Hibernation
  3888 | D:5      | Reached skill level 5 in Fighting
  4425 | D:5      | Reached XP level 8. HP: 41/61 MP: 0/0
  4430 | D:5      | Reached skill level 6 in Fighting
  5532 | D:6      | Reached * piety under Ashenzari
  5603 | D:6      | Reached skill level 7 in Fighting
  5700 | D:6      | Reached XP level 9. HP: 23/70 MP: 0/0
  5700 | D:6      | Learned a level 4 spell: Summon Ice Beast
  6466 | D:7      | Reached skill level 8 in Fighting
  6663 | D:7      | Found a flagged portal.
  6676 | Bailey   | Entered a bailey
  7085 | Bailey   | Slain by an orc warrior

Illustrated notes

Levels and vault maps discovered:
D:1:      wander_arrival_lonely_grave, layout_basic, minmay_fountain_box,
          st_stairs_9, kennysheep_pointless_box, serial_bayou_lagoon_a,
          minmay_tetromino_o2
D:2:      layout_rooms, kennysheep_doodads
D:3:      layout_basic, jmf_multi_god_temple2, st_stairs_14, minmay_cupped
D:4:      layout_cave_pools, minmay_temple_entry_crystal_x
D:5:      corexii_shack_village, layout_loops_corners, minmay_misc_feat_pillars,
          uniq_edmund
D:6:      layout_rooms, nrook_pool_corridor
D:7:      layout_basic, nicolae_sif_muna_condensation, lemuel_tele_altar,
          enter_bailey_2, minmay_checkerbox
Temple:   hc_temple_tempest_star
Bailey:   bailey_axe_4, bailey

Skill      XL: |  1  2  3  4  5  6  7  8  9 |
---------------+----------------------------+-----
Fighting       | 1 2 3 4 5 7 8 |  8.9
Spellcasting   | 4 5 6 7 |  7.7
Dodging        | |  2.3
Stealth        | |  1.5

Action                     |  1- 3 |  4- 6 |  7- 9 || total
---------------------------+-------+-------+-------++-------
  Melee: Short sword       |     7 |    16 |    12 ||    35
         Dagger            |     2 |       |     3 ||     5
   Cast: Magic Dart        |    59 |    39 |     2 ||   100
         Searing Ray       |     5 |    45 |    71 ||   121
         Fulminant Prism   |       |       |    20 ||    20
 Invoke: Curse Item        |       |     1 |     1 ||     2
         Shatter the Chain |       |       |     1 ||     1
    Use: Scroll            |     3 |     9 |     2 ||    14
         Potion            |       |     1 |       ||     1
   Stab: Sleeping          |     1 |       |       ||     1
 Armour: Robe              |     3 |    18 |    35 ||    56
  Dodge: Dodged            |     9 |    37 |    53 ||    99
  Block: Buckler           |       |     1 |    19 ||    20
